cohdb
Replays
Latest Replays
All Replays
Popular Replays
Top Player Replays
Match Explorer
How It Works
Community
CoH3 Stats
Reddit
Sign in to upload your games and track your stats! →
Sign in with Steam
Match 41438724
Unlisted
Match 41438724
Overview
Messages
Build Orders
End
Panzergrenadier Squad
Selects Panzerjäger Kommand Battlegroup
Selects Mine Fields
Panzergrenadier Squad
250 Light Carrier
Construct Light Support Kompanie
Combat Half-tracks
Selects GrB 39 Grenade Launcher Requisition
Panzerjäger Squad
2.5-tonne Medical Truck
Panzerjäger Mechanized Group
Fire Support Elements
Construct Panzerarmee Kommand
Veteran Squad Leaders
Panzer III L Medium Tank
Pak 38 Mechanized Group
Selects Defensive Positions
Selects Butterfly Bomb Drop
Butterfly Bomb Drop
Walking Stuka Rocket Launcher
Emergency Repair Kits
Armored Reserves
Kradschützen Motorcycle Team
Butterfly Bomb Drop
Panzer IV Assault Group
Vehicle Survival Package
Rapid Advance
Butterfly Bomb Drop
2.5-tonne Medical Truck
Selects Crew Shock Tactics
Selects Anti-tank Overwatch
Panzer IV Assault Group
Tungsten Core Ammunition
Tiger Heavy Tank
Flakvierling Half-track
Panzer IV Assault Group
UH|dun! ツ
UH|ck
iceman
4IRT
Vishtan
Lionheart
0
0
Comments
sign in to comment!
No comments posted yet!